Map: Shrines of Lizul

Players

Seph

  • Race: Zerg Zerg
  • Spawn Location: 12:00

gujoe

  • Race: Protoss Protoss
  • League: Bronze
  • Spawn Location: 3:00

Gatito - Winner!

  • Race: Terran Terran
  • Spawn Location: 6:00

Katz - Winner!

  • Race: Protoss Protoss
  • League: Silver
  • Spawn Location: 9:00

VOD

Have the link to the VOD?

Description

Time

  • Played on: Feb. 13, 2019, 7:55 p.m.
  • Length: 11:34
Show
View Real Time Build Order
Export as new Build Order

Seph Zerg 

Build Orders: Pool First 

Get SALT Encoding   

  12  0:06  Drone  
  13  0:13  Drone  
  14  0:20  Extractor  
  13  0:21  Drone  
  15  0:28  Overlord  
  15  0:51  Spawning Pool  
  14  1:03  Drone x3  
  17  1:11  Extractor  
  16  1:21  Drone  
  16  1:22  Evolution Chamber  
  16  1:32  Drone  
  17  1:54  Queen  
  17  1:55  Drone  
  17  1:56  Drone  
  21  2:05  Zergling x2  
  22  2:18  Overlord x2  
  22  2:38  Zergling x2  
  23  3:02  Drone x2  
  23  3:03  Drone  
  26  3:08  Queen  
  26  3:12  Zergling x6  
  31  3:13  Metabolic Boost  
  31  3:41  Zerg Ground Armor Level 1  
  31  3:44  Overlord x3  
  28  4:23  Extractor  
  28  4:24  Hatchery  
  24  4:53  Lair  
  24  5:06  Extractor, Roach Warren  
  22  5:08  Drone  
  22  5:09  Zergling x6  
  22  5:10  Zergling x2, Drone  
  22  5:11  Drone x3  
  31  5:28  Zergling x4  
  33  5:46  Drone  
  34  5:51  Roach  
  34  5:52  Roach x5  
  46  5:57  Overlord  
  46  6:11  Spire  
  45  6:19  Drone x5  
  50  6:39  Queen  
  46  6:57  Roach x5  
  46  7:00  Roach x5  
  66  7:14  Glial Reconstitution  
  66  7:44  Overseer  
  66  7:51  Drone x3  
  69  8:06  Mutalisk x2, Spire  
  72  8:17  Extractor  
  71  8:36  Tunneling Claws  
  71  8:39  Burrow  
  71  8:46  Drone x3  
  74  9:00  Zergling x4  
  76  9:04  Overlord x3  
  76  9:05  Overlord x2  
  75  9:37  Mutalisk x3  
  75  9:38  Mutalisk x3  
  80  9:40  Roach x16  
  87  10:00  Ravager x3  
  87  10:01  Ravager  
  87  10:05  Roach x12  
  56  10:42  Mutalisk x2  
  46  10:43  Mutalisk x2  
  46  11:00  Zergling x20  
  46  11:01  Zergling x4  
Show
View Real Time Build Order
Export as new Build Order

gujoe Protoss 

Build Orders: Nexus First 

Get SALT Encoding   

  12  0:02  Probe  
  13  0:16  Probe  
  14  0:26  Pylon  
  14  0:54  Nexus  
  14  0:56  Probe  
  15  1:14  Probe  
  16  1:20  Gateway  
  16  1:23  Assimilator  
  16  1:44  Probe  
  17  1:56  Probe  
  18  2:08  Probe  
  18  2:12  Forge  
  19  2:23  Probe  
  19  2:28  Assimilator  
  20  2:34  Cybernetics Core  
  20  2:37  Pylon  
  20  2:44  Pylon  
  20  3:05  Warp Gate, Probe  
  20  3:08  Probe  
  21  3:13  Assimilator  
  21  3:16  Assimilator  
  21  3:20  Probe  
  21  3:21  Photon Cannon  
  21  3:22  Photon Cannon  
  22  3:28  Probe  
  22  3:31  Probe  
  22  3:33  Protoss Ground Weapons Level 1  
  24  3:36  Probe  
  24  3:39  Probe  
  26  3:50  Stalker  
  28  4:05  Probe  
  29  4:18  Probe  
  30  4:30  Probe  
  31  4:42  Probe  
  32  4:54  Probe  
  32  4:55  Gateway  
  32  4:57  Gateway, Adept  
  32  4:59  Gateway  
  35  5:06  Probe  
  36  5:18  Probe  
  36  5:21  Pylon  
  37  5:23  Pylon  
  37  5:25  Pylon  
  37  5:30  Probe  
  37  5:35  Stargate  
  38  5:37  Stargate  
  38  5:39  Stargate  
  38  5:40  Protoss Air Weapons Level 1  
  38  5:42  Probe  
  39  5:45  Stargate  
  39  5:46  Pylon  
  30  6:08  Stalker x2  
  30  6:09  Stalker x2  
  35  6:40  Nexus  
  35  6:47  Pylon  
  35  6:50  Pylon  
  10  7:39  Probe  
  10  7:43  Probe  
  11  7:48  Probe  
  12  7:51  Probe  
  12  7:57  Probe  
  14  8:01  Probe  
  16  8:09  Probe  
  16  8:12  Probe  
  17  8:18  Probe  
  18  8:20  Probe  
  18  8:26  Probe  
  20  8:28  Probe  
  22  8:35  Probe  
  22  8:40  Probe  
  24  8:49  Phoenix  
  24  8:52  Phoenix  
  28  9:02  Phoenix  
  30  9:16  Phoenix  
Show
View Real Time Build Order
Export as new Build Order

Gatito Terran - Winner!

Build Orders: Liberator Opening 

Get SALT Encoding   

  12  0:01  SCV  
  13  0:16  SCV  
  14  0:26  Supply Depot  
  14  0:31  SCV  
  15  0:43  Refinery  
  15  0:51  Barracks  
  15  0:52  SCV  
  16  1:04  SCV  
  16  1:08  Supply Depot  
  17  1:16  SCV  
  18  1:25  Refinery  
  18  1:28  SCV  
  19  1:43  Reaper  
  20  1:49  Orbital Command  
  20  2:01  Factory  
  20  2:18  SCV  
  20  2:22  Barracks Reactor  
  21  2:31  SCV  
  21  2:35  Engineering Bay  
  22  2:43  SCV  
  23  3:00  Starport  
  22  3:11  Barracks, Barracks Reactor  
  22  3:13  Hellion  
  22  3:14  Hellion  
  26  3:21  SCV  
  27  3:33  SCV  
  28  3:35  Hellion  
  28  3:40  Supply Depot  
  30  3:45  Liberator, SCV  
  31  4:02  Hellion x2, Marine  
  39  4:05  Barracks Tech Lab  
  39  4:36  Hellion  
  39  4:37  Marine  
  38  4:41  Hellion  
  38  5:03  Supply Depot  
  38  5:07  Liberator  
  38  5:16  Marine  
  38  5:20  Command Center  
  39  5:24  Marine  
  39  5:25  Hellion x2  
  39  5:27  Supply Depot  
  47  5:48  SCV  
  47  5:49  Supply Depot, Hellion x2  
  52  5:53  Liberator  
  52  6:00  SCV  
  53  6:10  Hellion  
  53  6:11  Hellion  
  60  6:31  Hellion  
  60  6:32  Hellion  
  54  7:04  Starport  
  54  7:06  Starport Reactor  
  52  7:09  Hellion  
  52  7:10  Hellion  
  56  7:16  Factory, Orbital Command  
  56  7:18  SCV  
  47  7:30  SCV  
  47  7:31  Hellion x2  
  48  7:42  Starport Reactor, SCV  
  49  7:45  Starport Tech Lab  
  49  7:47  Terran Infantry Weapons Level 1  
  49  7:48  Marine x2  
  49  7:49  Marauder  
  53  7:52  Hellion x2  
  57  8:06  Factory Tech Lab  
  57  8:10  Medivac x2  
  57  8:11  Marauder  
  70  8:12  Medivac  
  63  8:16  Hellion x2  
  69  8:20  Armory  
  69  8:23  SCV  
  70  8:30  SCV  
  70  8:32  Marauder  
  73  8:35  SCV  
  73  8:36  Refinery  
  74  8:42  SCV  
  75  8:53  Marauder  
  75  8:54  SCV  
  78  9:21  Supply Depot  
  78  9:27  Terran Vehicle Weapons Level 1  
  78  9:33  Armory  
  78  9:42  Marine x3  
  78  9:43  Supply Depot  
  81  9:50  Hellion  
  81  9:51  Hellion  
  83  10:00  Marine x3  
  83  10:04  Thor  
  83  10:05  Supply Depot  
  72  10:26  Marine x2  
  72  10:27  Supply Depot, Marine  
  66  10:43  Hellion x2  
  66  10:44  Marine x3  
  66  10:46  Medivac x2  
  66  10:47  Thor  
  66  10:48  Viking  
  85  11:02  Marine x3  
  88  11:04  Hellion x2  
Show
View Real Time Build Order
Export as new Build Order

Katz Protoss - Winner!

Build Orders:  

Get SALT Encoding   

  12  0:00  Probe  
  13  0:12  Probe  
  14  0:19  Pylon  
  14  0:25  Probe  
  15  0:39  Gateway  
  15  0:40  Probe  
  16  0:56  Probe  
  16  1:01  Assimilator  
  17  1:04  Probe, Assimilator  
  18  1:13  Probe  
  19  1:28  Cybernetics Core  
  19  1:31  Probe  
  20  1:43  Probe  
  21  1:53  Pylon  
  21  1:55  Forge, Probe  
  22  2:07  Warp Gate, Shield Battery  
  22  2:08  Probe  
  23  2:16  Probe  
  23  2:19  Shield Battery  
  24  2:23  Pylon  
  24  2:30  Zealot  
  26  2:48  Gateway  
  26  2:50  Gateway  
  26  3:06  Stalker  
  26  3:12  Robotics Facility  
  28  3:19  Photon Cannon  
  28  3:31  Pylon  
  28  3:52  Nexus  
  28  4:00  Pylon  
  28  4:04  Zealot  
  28  4:09  Observer  
  31  4:21  Protoss Ground Weapons Level 1  
  31  4:42  Twilight Council  
  31  4:47  Probe  
  31  4:52  Shield Battery  
  32  4:56  Zealot x3  
  32  4:58  Probe  
  39  5:02  Probe  
  39  5:06  Probe  
  40  5:07  Charge  
  40  5:10  Probe  
  41  5:14  Probe  
  41  5:18  Probe  
  43  5:23  Pylon  
  44  5:57  Gateway x2  
  44  6:00  Gateway  
  44  6:02  Gateway  
  44  6:04  Gateway  
  44  6:06  Protoss Ground Weapons Level 2  
  44  6:09  Pylon  
  44  6:10  Probe x2  
  46  6:20  Assimilator  
  46  6:22  Probe x2  
  48  6:32  Blink  
  48  6:45  Assimilator  
  48  6:55  Probe x2  
  48  6:57  Stalker x5  
  60  7:07  Probe x2  
  62  7:13  Observer  
  63  7:24  Probe x2  
  63  7:28  Stalker x3  
  71  7:36  Probe  
  71  7:37  Probe  
  73  7:51  Stalker  
  73  7:52  Stalker x4  
  83  8:06  Probe x2  
  85  8:18  Probe  
  86  8:20  Observer  
  86  8:21  Pylon  
  86  8:22  Protoss Ground Weapons Level 3  
  86  8:23  Pylon  
  86  8:24  Pylon  
  86  8:28  Shield Battery  
  86  8:30  Shield Battery  
  86  8:39  Probe  
  87  8:43  Observer  
  87  8:56  Warp Prism  
  89  9:08  Observer  
  89  9:16  Stalker x5  
  89  9:17  Stalker x2  
  103  10:09  Pylon  
  103  10:10  Pylon  
  103  10:13  Stalker, Pylon  
  103  10:14  Stalker x2  
  109  10:28  Stalker x5  
  103  10:37  Pylon  
  103  10:39  Pylon  
  103  10:41  Pylon  
  93  10:55  Stalker  
  93  10:56  Stalker x6  
  107  10:57  Stalker  
  109  11:10  Observer  
  109  11:20  Stalker  
  109  11:21  Stalker x6  
  109  11:22  Stalker  
Tags
 
Add a new tag
Caveats
  • Supply blocks, unpowered buildings, or Contaminate may cause inaccurate times.
  • Supply counts are checked every 10 seconds.